AoeStats
← Jikars

Arena

510122684Analyzed
4v4 RM · 4d ago on Sep 29, 2026· 56m 14s· 8 players
Game mode
Random Map
Map size
Large (8 player)
Population
200
Speed
Normal
Resources
Standard
Victory
Conquest
Starting age
Dark Age
Ending age
Imperial Age
RankedLock teamsTeams togetherTeam positionsShared explorationLock speedFull tech treeHidden civsTurbo modeCheats
Victory
Defeat
🇨🇴 Danes · Colombia
1154
+14
🇨🇴 Huns · Colombia
1105
+16
🇨🇴 Khmer · Colombia
1102
+16
🇨🇴 Vietnamese · Colombia
1003
+20
🇪🇸 Saracens · Spain
1142
-18
🇦🇷 Spanish · Argentina
1139
-18
🇦🇪 Mongols · United Arab Emirates
1104
-17
🇦🇷 Goths · Argentina
1015
-13
Cookie Monster
10:37 Feudal Age
15:33 Castle Age
13:52 Double-Bit Axe
13:50 Horse Collar
14:53 Wheelbarrow
17:58 Bow Saw
17:54 Heavy Plow
22:29 Hand Cart
22:59 Fervor
25:16 Sanctity
28:09 Redemption
31:06 Imperial Age
29:32 Gold Mining
29:32 Stone Mining
29:55 Forging
29:45 Scale Mail Armor
29:35 Fletching
29:46 Padded Archer Armor
31:24 Stone Shaft Mining
31:24 Gold Shaft Mining
30:26 Pikeman
30:31 Man-at-Arms
30:57 Gambesons
31:12 Squires
30:58 Arson
32:39 Ballistics
33:19 Chemistry
32:09 Elite Skirmisher
32:56 Thumb Ring
33:21 Block Printing
33:34 Illumination
32:56 Cranequins
32:56 Heavy Mounted Crossbowman
33:01 Elite Varangian Guard
33:51 Loom
33:51 Town Watch
34:07 Elite Jomsviking
35:13 Conscription
34:26 Hamask
35:44 Iron Casting
35:24 Chain Mail Armor
35:50 Chain Mail Armor
35:31 Bodkin Arrow
35:51 Leather Archer Armor
35:58 Town Patrol
36:14 Leather Archer Armor
36:08 Siege Engineers
35:40 Imperial Skirmisher
39:10 Blast Furnace
38:11 Bracer
38:42 Plate Mail Armor
43:12 Ring Archer Armor
47:20 Scale Barding Armor
49:36 Chain Barding Armor
49:57 Caravan
50:53 Masonry
Grimuka
5:16 Loom
11:10 Feudal Age
17:30 Castle Age
17:03 Horse Collar
17:09 Double-Bit Axe
19:17 Fletching
20:39 Padded Archer Armor
22:07 Ballistics
21:57 Fortified Wall
25:29 Leather Archer Armor
26:08 Gold Mining
26:09 Stone Mining
26:04 Treadmill Crane
26:14 Treadmill Crane
27:47 Bow Saw
28:51 Bodkin Arrow
36:36 Imperial Age
34:46 Wheelbarrow
33:57 Town Watch
35:19 Masonry
35:30 Heavy Plow
36:14 Murder Holes
36:59 Hand Cart
38:44 Chemistry
40:09 Paper Money
41:51 Onager
Jikars
10:21 Feudal Age
8:58 Loom
10:45 Feudal Age
14:08 Castle Age
12:26 Double-Bit Axe
13:17 Stone Mining
13:46 Horse Collar
18:41 Bow Saw
18:35 Heavy Plow
21:53 Gold Mining
24:14 Wheelbarrow
25:48 Stone Shaft Mining
25:49 Gold Shaft Mining
26:06 Hand Cart
32:06 Imperial Age
30:34 Forging
32:33 Iron Casting
32:05 Scale Barding Armor
32:39 Ballistics
32:07 Elite Ballista Elephant
32:56 Scale Barding Armor
33:03 Bloodlines
34:04 Conscription
34:50 Blast Furnace
34:16 Chain Barding Armor
34:03 Husbandry
34:52 Crop Rotation
35:38 Chemistry
35:15 Siege Engineers
36:38 Plate Barding Armor
35:47 Light Cavalry
36:56 Town Watch
37:03 Hussar
51:56 Tusk Swords
52:26 Elite Battle Elephant
55:57 Caravan
anamagg08
11:23 Feudal Age
9:41 Loom
13:57 Wheelbarrow
18:27 Castle Age
17:09 Gold Mining
17:10 Stone Mining
17:17 Stone Mining
17:16 Horse Collar
17:28 Double-Bit Axe
26:20 Husbandry
29:02 Forging
31:25 Fletching
32:24 Bodkin Arrow
32:34 Elite Skirmisher
38:18 Thumb Ring
39:41 Ballistics
39:17 Murder Holes
39:37 Scale Barding Armor
40:18 Heavy Plow
42:57 Bloodlines
44:08 Hand Cart
48:09 Imperial Age
46:56 Gold Shaft Mining
48:59 Iron Casting
48:45 Chain Barding Armor
48:15 Cavalier
50:30 Conscription
50:49 Bow Saw
51:38 Paladin
53:03 Plate Barding Armor
52:28 Town Watch
53:05 Caravan
55:04 Chemistry
sepereti
10:43 Feudal Age
17:00 Castle Age
15:35 Double-Bit Axe
15:33 Horse Collar
16:38 Gold Mining
19:53 Loom
CamelRaider
10:19 Feudal Age
14:36 Castle Age
12:36 Horse Collar
13:31 Double-Bit Axe
15:38 Bow Saw
17:26 Heavy Plow
18:04 Wheelbarrow
17:15 Town Watch
23:30 Hand Cart
23:01 Loom
23:15 Fletching
27:05 Gold Mining
27:06 Stone Mining
29:20 Town Patrol
29:17 Bodkin Arrow
29:22 Padded Archer Armor
29:44 Ballistics
31:01 Gold Shaft Mining
33:35 Imperial Age
31:49 Stone Shaft Mining
31:41 Thumb Ring
31:37 Husbandry
31:49 Bloodlines
32:21 Leather Archer Armor
32:18 Masonry
32:03 Murder Holes
32:03 Light Cavalry
33:46 Coinage
34:46 Bracer
35:47 Chemistry
34:12 Elite Mangudai
35:13 Conscription
35:29 Hoardings
35:23 Parthian Tactics
35:34 Banking
35:34 Nomads
37:02 Hussar
45:42 Scale Barding Armor
45:48 Forging
55:03 Chain Barding Armor
55:19 Iron Casting
Pablo
11:45 Feudal Age
15:44 Castle Age
20:53 Padded Archer Armor
37:07 Imperial Age
34:34 Double-Bit Axe
35:21 Horse Collar
36:58 Gold Mining
39:09 Stone Mining
43:25 Pikeman
44:05 Squires
44:04 Onager
52:32 Halberdier
55:53 Wheelbarrow
Pem
11:24 Feudal Age
14:22 Horse Collar
17:32 Castle Age
16:10 Double-Bit Axe
16:16 Stone Mining
16:21 Gold Mining
21:43 Bow Saw
21:39 Heavy Plow
26:36 Squires
31:39 Imperial Age
29:52 Wheelbarrow
29:03 Loom
30:26 Anarchy
30:27 Scale Mail Armor
30:37 Forging
31:06 Hand Cart
32:01 Chain Mail Armor
32:52 Iron Casting
32:21 Perfusion
32:42 Conscription
32:59 Crop Rotation
33:44 Two-Man Saw
33:17 Elite Huskarl
36:06 Blast Furnace
35:40 Pikeman
42:34 Halberdier
Connection lost

Rejoining the realm…

Still unreachable

The connection could not be restored.

Session expired

The server has moved on; the page needs a fresh start.